 Seeded DCSS version 0.27-a0-1188-g73eefd5def (webtiles) character file.

Game seed: 16767568107801894396 (custom seed)

1582 Shayle the Fighter (level 8, -4/75 HPs)
             Began as a Demonspawn Enchanter on May 21, 2021.
             Was an Initiate of Wu Jian.
             Killed from afar by an electric eel (13 damage)
             ... with a bolt of electricity
             ... on level 6 of the Dungeon.
             The game lasted 00:21:52 (8599 turns).

Shayle the Fighter (Demonspawn Enchanter)           Turns: 8599, Time: 00:21:53

Health: -4/75      AC:  5    Str: 10    XL:     8   Next: 60%
Magic:  18/20      EV: 16    Int: 18    God:    Wu Jian [......]
Gold:   266        SH:  7    Dex: 15    Spells: 3/11 levels left

rFire    + . .     SeeInvis +   p - +1 short sword (freeze)
rCold    . . .     Faith    .   o - +2 buckler
rNeg     . . .     Spirit   .   y - +0 leather armour
rPois    .         Reflect  .   (helmet restricted)
rElec    .         Harm     .   v - +0 cloak
rCorr    .         Rampage  .   k - +0 pair of gloves of the Heron {rF+ Will+}
Will     ++...                  (no boots)
Stlth    ++........             (no amulet)
HPRegen  0.22/turn              c - ring of magical power
MPRegen  0.17/turn              i - ring "Ibiruize" {Will+ SInv}

@: agile, very slow
A: horns 2, thin skeletal structure 1, powered by death 1, powered by pain 1
a: Renounce Religion


You were on level 6 of the Dungeon.
You worshipped Wu Jian.
Wu Jian was noncommittal.
You visited 2 branches of the dungeon, and saw 7 of its levels.

You collected 1226 gold pieces.
You spent 960 gold pieces at shops.

Inventory:

Hand Weapons
 a - a +1 dagger
 f - a +0 scythe
 p - a +1 short sword of freezing (weapon)
Armour
 b - a +0 robe
 k - the +0 pair of gloves of the Heron (worn) {rF+ Will+}
   (You acquired it on level 2 of the Dungeon)

   It protects you from fire.
   It increases your willpower.
 o - a +2 buckler (worn)
 v - a +0 cloak (worn)
 y - a +0 leather armour (worn)
Jewellery
 c - a ring of magical power (left hand)
 i - the ring "Ibiruize" (right hand) {Will+ SInv}
   (You acquired it on level 2 of the Dungeon)

   [ring of willpower]

   It lets you see invisible.
   It increases your willpower.
 A - an amulet of faith
Wands
 z - a wand of iceblast (11)
Scrolls
 d - a scroll of enchant armour {unknown}
 e - a scroll of amnesia {unknown}
 h - a scroll of vulnerability {unknown}
 q - a scroll of torment {unknown}
 r - 5 scrolls of identify {unknown}
 t - a scroll of teleportation {unknown}
 w - a scroll of holy word {unknown}
 x - 2 scrolls of blinking {unknown}
 B - a scroll of noise {unknown}
Potions
 g - a potion of invisibility {unknown}
 j - 3 potions of flight {unknown}
 m - 5 potions of curing
 n - a potion of haste
 s - 2 potions of berserk rage {unknown}
 u - 2 potions of attraction {unknown}


   Skills:
 - Level 11.0 Fighting
 - Level 0.8 Short Blades
 - Level 1.7 Dodging
 + Level 7.1 Stealth
 + Level 3.9 Shields
 - Level 2.0 Spellcasting
 - Level 3.0 Hexes
 + Level 3.0 Evocations


You had 3 spell levels left.
You knew the following spells:

 Your Spells              Type           Power      Damage    Failure   Level
a - Corona                Hex            13%        N/A       7%          1
b - Ensorcelled Hibernat  Hex/Ice        14%        N/A       21%         2
c - Confusing Touch       Hex            12%        N/A       22%         3
d - Wereblood             Tmut           1%         N/A       36%         2

Your spell library contained the following spells:

 Spells                   Type           Power      Damage    Failure   Level
 Tukima's Dance           Hex            12%        N/A       22%         3
 Animate Skeleton         Necr           2%         N/A       24%         1
 Apportation              Tloc           2%         N/A       24%         1
 Beastly Appendage        Tmut           2%         N/A       24%         1
 Summon Small Mammal      Summ           4%         N/A       24%         1
 Corpse Rot               Necr/Air       N/A        N/A       36%         2
 Dazzling Flash           Conj/Hex       14%        N/A       36%         3
 Gell's Gravitas          Tloc           0%         N/A       58%         3
 Spider Form              Tmut/Pois      0%         N/A       58%         3
 Stone Arrow              Conj/Erth      2%         3d7       58%         3
 Ice Form                 Ice/Tmut       1%         N/A       94%         4
 Petrify                  Tmut/Erth      1%         N/A       94%         4
 Metabolic Englaciation   Hex/Ice        3%         N/A       98%         5
 Yara's Violent Unravell  Hex/Tmut       3%         3d4       98%         5
 Hydra Form               Tmut           0%         N/A       100%        5
 Summon Forest            Summ/Tloc      0%         N/A       100%        5
 Eringya's Noxious Bog    Tmut/Pois      0%         N/A       100%        6
 Summon Hydra             Summ           0%         N/A       100%        7


Dungeon Overview and Level Annotations

Branches:
Dungeon (6/15)             Temple (1/1) D:5

Altars:
Cheibriados
Elyvilon
Fedhas
Hepliaklqana
Makhleb
Nemelex Xobeh
Okawaru
Ru
Wu Jian
Zin
The Shining One

Shops:
D:1 !   D:2 ::!(*   D:5 [(   D:6 [

Annotations:
D:3 3 runed translucent doors, Alvadar's ghost, amateur DgTm; pcat's ghost, amateur DEAE


Innate Abilities, Weirdness & Mutations

You have a pair of horns on your head.
You have a somewhat thin skeletal structure. (Dex +2, Stealth+)
You regenerate a little health from kills.
You sometimes gain a little power by taking damage.


Message History

Okay, then.
Casting: Ensorcelled Hibernation (safe; 21% risk of failure)
Confirm with . or Enter, or press ? or * to list all spells.
Aiming: Ensorcelled Hibernation (safe; 21% risk of failure)
Press: ? - help, Shift-Dir - straight line, f - electric eel
Aim: an electric eel (chance to affect: 48%)
The electric eel looks drowsy...
The electric eel shoots out a bolt of lightning at you!
The bolt of electricity hits you!
You focus on the pain.
You feel agile all of a sudden.
The electric eel shoots out a bolt of lightning at you!
The bolt of electricity misses you.
Casting: Ensorcelled Hibernation (safe; 21% risk of failure)
Confirm with . or Enter, or press ? or * to list all spells.
Aiming: Ensorcelled Hibernation (safe; 21% risk of failure)
Press: ? - help, Shift-Dir - straight line, f - electric eel, p - electric eel
Aim: an electric eel (chance to affect: 48%)
The electric eel looks drowsy...
A nearby plant withers and dies.
You enter the shallow water.
Moving in this stuff is going to be slow.
The electric eel shoots out a bolt of lightning at you!
The bolt of electricity hits you.
Your unstable footing causes you to fumble your attack.
Your unstable footing causes you to fumble your attack.
The electric eel shoots out a bolt of lightning at you!
The bolt of electricity hits you! The bolt of electricity misses you.
You hit the electric eel.
The electric eel seems to slow down.
You freeze the electric eel.
The electric eel is moderately wounded.
Unknown command.
Your unstable footing causes you to fumble your attack.
The electric eel shoots out a bolt of lightning at you!
The bolt of electricity hits you! The bolt of electricity misses you.
Unknown command.
Your unstable footing causes you to fumble your attack.
The electric eel shoots out a bolt of lightning at you!
The bolt of electricity hits you!
* * * LOW HITPOINT WARNING * * *
The bolt of electricity hits you!
You die...

##.≈≈≈≈.≈.♣.................
#..P...♣...............>...
#############...........######
#P≈♣≈≈#### ♣≈♣#######...###...
###♣≈≈≈≈≈≈♣≈P♣♣♣♣≈##........#....
..≈≈≈P≈P≈♣♣♣♣P≈≈≈♣♣#..#.....+....
..≈≈≈≈≈≈≈≈P≈≈≈≈≈≈≈≈♣..≈≈....#....
......................≈P≈...#....
..≈P≈≈≈≈≈P≈P≈≈≈≈@;≈≈.≈≈≈≈≈###....
###♣≈≈≈≈≈≈≈≈≈≈≈;≈≈≈≈.≈≈≈≈≈≈##....
#.≈≈P≈P≈♣≈♣≈≈≈≈≈≈≈.≈≈≈≈≈P≈.....
#.#♣≈≈≈♣###≈♣♣♣≈≈≈.≈≈≈≈≈≈≈≈....
#. ##### ##≈ ♣♣≈≈.≈≈≈≈≈≈≈≈♣... #.
#♣ ♣≈≈.≈≈≈≈≈≈P♣♣..# #.
♣P≈.≈≈≈≈≈≈≈♣♣.## ≈≈.≈≈≈≈≈♣♣♣..#
≈≈.≈≈P≈P♣ ##


You could see 2 electric eels.

Vanquished Creatures
  An ogre (D:4)
  An orc warrior (D:6)
  2 necrophages
  A centaur (D:6)
  A phantom (D:6)
  Blork the orc (D:6)
  A bullfrog (D:6)
  3 scorpions
  A water moccasin skeleton (D:4)
  A wyvern skeleton (D:3)
  2 electric eels (D:6)
  A bullfrog zombie (D:6)
  2 hounds
  A jelly (D:5)
  A bullfrog skeleton (D:5)
  Jessica (D:2)
  Terence (D:3)
  5 iguanas
  A hound skeleton (D:5)
  A howler monkey skeleton (D:6)
  3 adders
  3 worms
  5 dart slugs
  9 orcs
  8 ball pythons
  3 endoplasms
  4 giant cockroaches
  4 goblins
  8 hobgoblins
  15 jackals
  2 kobolds
  7 quokkas
  9 bats
  2 frilled lizards
  5 rats
116 creatures vanquished.

Vanquished Creatures (others)
  4 plants (D:6)
  6 withered plants (D:3)
10 creatures vanquished.

Grand Total: 126 creatures vanquished

Notes
Turn   | Place    | Note
-------+----------+-------------------------------------------
     0 | D:1      | Shayle the Demonspawn Enchanter began the quest for the
                  | Orb.
     0 | D:1      | Reached XP level 1. HP: 13/13 MP: 3/3
   544 | D:1      | Gained mutation: You regenerate a little health from kills.
                  | [demonic ancestry]
   544 | D:1      | Reached XP level 2. HP: 15/19 MP: 3/5
   817 | D:1      | Learned a level 2 spell: Ensorcelled Hibernation
  1330 | D:1      | Gained mutation: You have a somewhat thin skeletal
                  | structure. (Dex +2, Stealth+) [demonic ancestry]
  1330 | D:1      | Reached XP level 3. HP: 24/24 MP: 3/6
  1673 | D:1      | Found Diutwad's Distillery.
  2078 | D:2      | Found Xeatox's Weapon Boutique.
  2159 | D:2      | Noticed Jessica
  2170 | D:2      | Killed Jessica
  2171 | D:2      | Gained mutation: You sometimes gain a little power by
                  | taking damage. [demonic ancestry]
  2171 | D:2      | Reached XP level 4. HP: 30/30 MP: 7/7
  2218 | D:2      | Found Yhugen's Distillery.
  2355 | D:2      | Reached skill level 5 in Stealth
  2376 | D:2      | Found Sidd's Assorted Antiques.
  2379 | D:2      | Bought 2 scrolls labelled ZUMAISOSKEU for 46 gold pieces
  2914 | D:2      | Found a faded altar of an unknown god.
  3241 | D:2      | Found Teehij's Book Shoppe.
  3329 | D:2      | Found Isyupont's Book Shoppe.
  3336 | D:2      | Acquired the ring "Ibiruize" {Will+ SInv}
  3337 | D:2      | Acquired the +0 pair of gloves of the Heron {rF+ Will+}
  3338 | D:2      | Acquired 934 gold pieces
  3435 | D:1      | Bought a potion of experience for 550 gold pieces
  3436 | D:1      | Reached skill level 11 in Fighting
  3436 | D:1      | Gained mutation: You have a pair of small horns on your
                  | head. [demonic ancestry]
  3436 | D:1      | Reached XP level 5. HP: 55/55 MP: 8/8
  3438 | D:1      | Bought a potion of heal wounds for 55 gold pieces
  3438 | D:1      | Bought a potion of curing for 33 gold pieces
  3438 | D:1      | Bought 2 potions of curing for 66 gold pieces
  3493 | D:2      | Bought a potion of curing for 30 gold pieces
  3493 | D:2      | Bought a potion of curing for 30 gold pieces
  3493 | D:2      | Bought a potion of heal wounds for 50 gold pieces
  3493 | D:2      | Bought a potion of haste for 100 gold pieces
  4149 | D:3      | Found a runed translucent gate.
  4149 | D:3      | Found a runed translucent gate.
  4149 | D:3      | Found a runed translucent gate.
  4162 | D:3      | Noticed Alvadar's ghost (amateur DgTm)
  4162 | D:3      | Noticed pcat's ghost (amateur DEAE)
  4233 | D:3      | Reached XP level 6. HP: 6/62 MP: 9/9
  4237 | D:3      | Learned a level 3 spell: Confusing Touch
  4240 | D:3      | Learned a level 2 spell: Wereblood
  4947 | D:3      | Noticed Terence
  4967 | D:3      | Killed Terence
  5556 | D:4      | Reached skill level 1 in Shields
  5716 | D:4      | Reached XP level 7. HP: 55/68 MP: 1/10
  6636 | D:5      | Entered Level 5 of the Dungeon
  6636 | D:5      | Found Vaseimnedi's Antique Armour Emporium.
  7132 | D:5      | Reached skill level 1 in Evocations
  7179 | D:5      | Found a staircase to the Ecumenical Temple.
  7189 | Temple   | Entered the Ecumenical Temple
  7283 | Temple   | Became a worshipper of the Wu Jian Council
  7404 | D:5      | Found Wumesok's Antique Weapon Shop.
  7443 | D:5      | Gained mutation: You have a pair of horns on your head.
                  | [demonic ancestry]
  7443 | D:5      | Reached XP level 8. HP: 74/74 MP: 11/11
  7717 | D:6      | Found Coam's Armour Boutique.
  7796 | D:6      | Noticed Blork the orc
  7806 | D:6      | Killed Blork the orc
  8599 | D:6      | Killed from afar by an electric eel

Illustrated notes

Levels and vault maps discovered:
D:1:      dpeg_arrival_pits, layout_loops_ring, serial_shops, shop,
          minmay_pentomino_w4
D:2:      layout_basic, serial_shops, nicolae_shop_behind_doors, shop,
          shop_statue, shop, nicolae_shop_statue_plus,
          shapermc_ecumenical_altar_totnotflames, uniq_jessica
D:3:      layout_loops_corners, good_gods_mini_temple, gammafunk_ghost_cemetery,
          uniq_terence, uniq_crazy_yiuf_cottage
D:4:      layout_rooms, minmay_misc_feat_tower, minivault_11
D:5:      layout_basic, minmay_temple_entry_junction, serial_shops,
          nicolae_shop_waterfront, shop
D:6:      layout_gridville, gammafunk_temple_overflow_claw, serial_bayou,
          serial_bayou_pond_b, serial_bayou_pond_a, serial_bayou_lagoon_b,
          serial_shops, kennysheep_little_box, kennysheep_mini, shop, shop,
          uniq_blork_the_orc
Temple:   nicolae_temple_hex_pool

Skill      XL: |  1  2  3  4  5  6  7  8 |
---------------+-------------------------+-----
Stealth        | 3 4 5 6 7 |  7.1
Fighting       | 11 | 11.0
Shields        | 1 3 |  3.9
Evocations     | 1 3 |  3.0
Short Blades   | |  0.8
Dodging        | |  1.7
Spellcasting   | |  2.0
Hexes          | |  3.0

Action                   |  1- 3 |  4- 6 |  7- 9 || total
-------------------------+-------+-------+-------++-------
Melee: Dagger            |   137 |    94 |       ||   231
       Short sword       |       |    84 |   150 ||   234
       Headbutt          |       |    19 |    18 ||    37
 Cast: Corona            |    12 |     6 |       ||    18
       Ensorcelled Hiber |    26 |    27 |    37 ||    90
       Confusing Touch   |       |     2 |     2 ||     4
Invok: Lunge             |       |       |     6 ||     6
  Use: Scroll            |       |     3 |       ||     3
       Potion            |       |     2 |     2 ||     4
 Stab: Sleeping          |    16 |    23 |    21 ||    60
       Distracted        |     1 |     1 |       ||     2
       Confused          |       |       |     2 ||     2
Armor: Robe              |    27 |    28 |    15 ||    70
       Leather armour    |       |       |    15 ||    15
Dodge: Dodged            |    87 |   106 |    81 ||   274
Block: Buckler           |       |    29 |    53 ||    82

Table legend: (Time is in decaauts)
 A = Elapsed time spent in this place.
 B = Non-inter-level travel time spent in this place.
 C = Inter-level travel time spent in this place.
 D = Time resting spent in this place.
 E = Time spent auto-exploring this place.
 F = Levels seen in this place.
 G = Mean time per level.
                   A        B        C        D        E       F      G
               +--------+--------+--------+--------+--------+-----+--------+
         Total |   8625 |   8291 |    334 |   2765 |   3708 |   7 | 1232.1 |
       Dungeon |   8509 |   8196 |    313 |   2765 |   3618 |   6 | 1418.2 |
        Temple |    115 |     94 |     21 |      0 |     90 |   1 |  115.0 |
               +--------+--------+--------+--------+--------+-----+--------+

Top non-repeatable levels by time:
     D:1: 2151 daAuts
     D:3: 1785 daAuts
     D:2: 1542 daAuts
     D:4: 1167 daAuts
     D:5: 956 daAuts
     D:6: 906 daAuts
  Temple: 115 daAuts
